 Dungeon Crawl Stone Soup version 0.30.1-11-g7821555f0a (webtiles) character file.

Game seed: 5125144565735853234

310476 Jadoobi the Executioner (level 20, -31/192 HPs)
             Began as a Minotaur Berserker on Oct 31, 2023.
             Was a High Priest of Trog.
             Killed from afar by an ancient lich (95 damage)
             ... with a crystal spear
             ... on level 5 of the Vaults.
             The game lasted 02:15:31 (43938 turns).

Jadoobi the Executioner (Minotaur Berserker)       Turns: 43938, Time: 02:15:32

Health: -31/192    AC: 41    Str: 36    XL:     20   Next: 39%
Magic:  19/19      EV: 14    Int: 10    God:    Trog [*****.]
Gold:   898        SH: 20    Dex: 13    Spells: 19/19 levels left

rFire   + + .        b - +9 broad axe (flame)
rCold   . . .        S - +0 tower shield {rPois}
rNeg    . . .        y - +4 plate armour {rF+}
rPois   +            D - +2 hat
rElec   .            l - +2 cloak
rCorr   +            z - +2 pair of gloves
SInv    .            m - +2 pair of boots
Will    ++++.        R - amulet of Qaolizea {+Blink rF+ Will+ Regen+ Str+3 Stlth-} Stlth
                     i - +4 ring of protection
HPRegen 2.32/turn    H - ring of Awauz {rPois rCorr Str+5 Int+6}
MPRegen 0.16/turn

%: no passive effects
@: marked, strong-willed, on berserk cooldown, regenerating, slowed, very slow
A: horns 2, retaliatory headbutt
}: 2/15 runes: decaying, serpentine
a: Renounce Religion, Evoke Blink, Berserk, Trog's Hand, Brothers in Arms


You were on level 5 of the Vaults.
You worshipped Trog.
Trog was extremely pleased with you.
You visited 7 branches of the dungeon, and saw 35 of its levels.
You also visited: Bailey.

You collected 4634 gold pieces.
You spent 3736 gold pieces at shops.

Inventory:

Hand Weapons
 a - a +9 war axe of venom
 b - a +9 broad axe of flaming (weapon)
 o - the +8 hand axe of Execution {elec, rCorr Str+3 Dex+8}
   (You acquired it on level 13 of the Dungeon)

   Str:       It affects your strength (+3).
   Dex:       It affects your dexterity (+8).
   rCorr:     It protects you from acid and corrosion.
Missiles
 c - 339 stones
 h - 55 poisoned darts (quivered)
 t - 16 atropa-tipped darts
 A - 15 curare-tipped darts
 O - 3 throwing nets
Armour
 l - a +2 cloak (worn)
 m - a +2 pair of boots (worn)
 n - a +2 plate armour of cold resistance
 y - a +4 plate armour of fire resistance (worn)
 z - a +2 pair of gloves (worn)
 D - a +2 hat (worn)
 S - a +0 tower shield of poison resistance (worn)
Jewellery
 i - a +4 ring of protection (left hand)
 F - a ring of see invisible
 H - the ring of Awauz (right hand) {rPois rCorr Str+5 Int+6}
   (You bought it in a shop on level 4 of the Vaults)

   [ring of intelligence]

   Str:       It affects your strength (+5).
   Int:       It affects your intelligence (+6).
   rPois:     It protects you from poison.
   rCorr:     It protects you from acid and corrosion.
 J - a ring of resist corrosion
 N - the amulet "Fuuview" {Reflect *Slow rC++ Will+ SH+5}
   (You bought it in a shop on level 4 of the Vaults)

   [amulet of reflection]

   It reflects blocked missile attacks.
   rC:        It greatly protects you from cold.
   *Slow:     It may slow you when you take damage.
   SH:        It affects your SH (+5).
   Will:      It increases your willpower.
 Q - an amulet of reflection
 R - the amulet of Qaolizea (around neck) {+Blink rF+ Will+ Regen+ Str+3 Stlth-}
   (You found it on level 3 of the Swamp)

   [amulet of regeneration]

   Str:       It affects your strength (+3).
   rF:        It protects you from fire.
   +Blink:    It lets you blink.
   Regen:     It increases your rate of health regeneration.
   Will:      It increases your willpower.
   Stlth:     It makes you less stealthy.
 Y - a ring of positive energy
Wands
 e - a wand of iceblast (21)
 q - a wand of mindburst (1)
 r - a wand of polymorph (9)
 w - a wand of paralysis (37)
 K - a wand of acid (12)
 M - a wand of flame (54)
 V - a wand of digging (29)
Scrolls
 u - a scroll of summoning
 v - 4 scrolls of enchant weapon
 x - 8 scrolls of teleportation
 B - 9 scrolls of fog
 C - a scroll of brand weapon
 E - 10 scrolls of magic mapping
 I - 19 scrolls of identify
 T - 9 scrolls of poison
 Z - 3 scrolls of fear
Potions
 f - 5 potions of might
 g - 3 potions of invisibility
 k - 4 potions of flight
 L - 2 potions of cancellation
 U - 8 potions of haste
 X - 3 potions of mutation
Miscellaneous
 d - a box of beasts
 j - a condenser vane
 s - a phial of floods
 G - a lightning rod (4/4)


   Skills:
 * Level 19.6 Fighting
 * Level 22.2 Axes
 - Level 13.9 Throwing
 + Level 20.6 Armour
 + Level 13.0 Dodging
 + Level 18.3 Shields
 - Level 8.8 Evocations


You had 19 spell levels left.
You didn't know any spells.
Your spell library was empty.

Dungeon Overview and Level Annotations

Branches:
Dungeon (14/15)            Temple (1/1) D:5            Lair (5/5) D:8
  Swamp (4/4) Lair:3        Snake (4/4) Lair:3        Slime (0/5) Lair:4
    Orc (2/2) D:9             Elf (0/3) Orc:2        Vaults (5/5) D:14
  Crypt (0/3) Vaults:2     Bailey (visited)

Altars:
Ashenzari
Cheibriados
Dithmenos
Elyvilon
Fedhas
Gozag
Hepliaklqana
Kikubaaqudgha
Makhleb
Nemelex Xobeh
Okawaru
Qazlal
Ru
Sif Muna
Trog
Uskayaw
Vehumet
Wu Jian
Xom
Yredelemnul
Zin
The Shining One
Jiyva
Lugonu

Shops:
D:11 [   D:13 ?   Orc:2 ?===   Snake:2 :   Vaults:1 (   Vaults:4 ([=
Vaults:5 [

Portals:
Abyss: Lair:5

Annotations:
D:14 3 runed translucent doors, exclusion: orange crystal statue, Kilet's ghost, adept GrEE
Lair:2 exclusion: oklob plant
Lair:4 exclusion: 2 oklob plants


Innate Abilities, Weirdness & Mutations

You have a pair of horns on your head.
You reflexively headbutt those who attack you in melee.


Message History

* * * LOW HITPOINT WARNING * * *
You slice the ironbound preserver!! You burn the ironbound preserver!
The ironbound preserver is moderately wounded.
You block the vault guard's attack.
You open the entropy weaver like a pillowcase!!!
You burn the entropy weaver!
You kill the entropy weaver!
Trog accepts your kill.
Trog appreciates your killing of a magic user.
You slice the ironbound preserver!! You burn the ironbound preserver!
You block the vault guard's attack.
You block the ironbound preserver's attack.
You slice the ironbound preserver!! You burn the ironbound preserver.
The ironbound preserver is almost dead.
You block the vault guard's attack.
The ironbound preserver gestures wildly while chanting.
The ironbound preserver is healed somewhat.
You slash the ironbound preserver! You burn the ironbound preserver.
The ironbound preserver is almost dead.
The orc warrior no longer looks unusually strong.
The vault guard hits you but does no damage.
The ironbound preserver hits you but does no damage.
The orc knight roars a battlecry!
The orc warrior goes into a battle-frenzy!
You block the vault guard's attack.
The frost giant hits you but does no damage.
The ironbound preserver mumbles some strange words.
The ironbound preserver begins to accept its allies' injuries.
The ancient lich casts a spell.
The ancient lich seems to speed up.
You hit the ancient lich but do no damage.
You block the ancient lich's attack.
You slice the ancient lich!! You burn the ancient lich.
The ancient lich is lightly damaged.
You kill the ironbound preserver!
Trog accepts your kill.
Trog appreciates your killing of a magic user.
The ancient lich points at you and mumbles some strange words.
The crystal spear hits you!!!!
You die...

#.#.#p#.#.#!#C#.##..#
#.#.#o#.#.#.#.#.#..#
#.#.#C#.#.#.#.##..# #.
#.#.#o#.#.#.#.#).# #.
#.#.#C#.#.#.##).# #.
#p#.#p#ยง#.#.#..# .
#.#[#)#C#.#(..#
#[#.#.#L#.#....#
#.#.#.#.#@#.....#
#################......#
................)......#
..p....................#
########################


You could see an ancient lich (fast), a vault guard, an orc knight, 2 ettins and
an orc warrior (strong).

Vanquished Creatures
  Frederick (Vaults:3)
  Saint Roka (Vaults:3)
  Zenata (Vaults:1)
  Rupert (D:13)
  Mlioglotl (Lair:3)
  3 tentacled monstrosities
  4 titans (Vaults:5)
  2 sphinxes (Vaults:3)
  2 tengu reavers
  Kirke (Snake:4)
  3 shadow dragons (Vaults:5)
  A revenant (Vaults:2)
  2 fenstrider witches
  A fire giant (Vaults:5)
  4 nagarajas
  15 vault wardens
  Aizul (Lair:3)
  2 deep elf sorcerers
  2 orc warlords
  9 ironbound preservers
  4 war gargoyles
  5 ironbound thunderhulks
  A stone giant (Vaults:5)
  7 very ugly things
  A deep elf demonologist (Vaults:2)
  3 eleionomae
  A bunyip (Swamp:3)
  The ghost of pkoi the Brawler, a journeyman DrMo of Hepliaklqana (Lair:5)
  3 dire elephants (Vaults:1)
  Snorg (D:10)
  2 crystal guardians
  2 ettins
  8 yaktaur captains
  4 entropy weavers
  3 fire dragons (Swamp:4)
  Josephine (D:12)
  A ragged hierophant (Vaults:2)
  7 great orbs of eyes
  The ghost of Zhuub the Zephyrmancer, a journeyman DrVM of Dithmenos (D:11)
  2 deep elf high priests
  Harold (D:10)
  A great orb of eyes (shapeshifter) (Vaults:5)
  3 peacekeepers
  3 salamander tyrants
  12 hydras
  23 vault guards
  11 ironbound frosthearts
  8 anacondas
  A boulder beetle (Lair:2)
  A death knight (Vaults:2)
  3 two-headed ogres
  5 centaur warriors
  A dancing weapon (D:11)
  12 alligators
  A satyr (shapeshifter) (Vaults:5)
  11 death yaks (D:11)
  14 naga warriors
  2 orc high priests (Orc:2)
  A tengu warrior (D:13)
  A hell knight (Vaults:5)
  12 naga sharpshooters
  2 thrashing horrors (Lair:5)
  A skyshark (shapeshifter) (Vaults:4)
  3 shock serpents
  A fire crab (Swamp:4)
  2 skysharks
  4 salamander mystics
  Nergalle (D:10)
  Amaemon (Lair:3)
  Lodul (D:13)
  5 goliath frogs
  19 deep trolls
  5 swamp dragons
  7 spriggan druids
  6 bog bodies
  15 lindwurms
  15 ironbound convokers
  4 naga ritualists
  5 phantasmal warriors
  14 wizards
  Pikel (D:5)
  A deep elf archer (D:14)
  5 harpies (Vaults:1)
  A deep elf zephyrmancer (Vaults:2)
  10 mana vipers
  13 salamanders
  14 orc knights
  4 deep elf pyromancers
  2 orc sorcerers
  3 cyclopes
  29 ugly things
  6 elephants (Lair:3)
  12 will-o-the-wisps
  Maurice (D:8)
  31 black mambas
  17 vault sentinels
  3 smoke demons (Lair:5)
  A black mamba (shapeshifter) (D:13)
  Joseph (D:7)
  4 guardian serpents
  13 naga magi
  An orange demon (Lair:3)
  A torpor snail (Lair:3)
  An unseen horror (D:12)
  3 gargoyles
  12 cane toads
  2 unseen horror zombies (D:8)
  2 kobold demonologists (D:9)
  6 komodo dragons
  35 yaktaurs
  A komodo dragon (shapeshifter) (Lair:5)
  2 tengu conjurers
  An efreet (D:13)
  6 rime drakes
  Maggie (D:7)
  3 ancient zymes (Lair:5)
  A polar bear (Lair:5)
  3 meliai (D:14)
  10 tyrant leeches
  9 trolls
  A tarantella (shapeshifter) (Lair:5)
  2 saltlings (Vaults:2)
  9 hornets
  23 blink frogs (Lair:5)
  12 dream sheep
  32 slime creatures
  12 spriggans
  A ynoxinul (Lair:5)
  9 wraiths
  3 shadows
  A yak (shapeshifter) (D:13)
  4 wyverns
  6 basilisks
  5 hogs (Snake:4)
  10 humans
  A large abomination (Lair:5)
  66 yaks
  A redback (Vaults:3)
  7 steam dragons
  A chaos spawn (Lair:5)
  21 vampire mosquitoes
  6 wargs
  13 swamp worms
  25 nagas
  A two-headed ogre zombie (D:9)
  4 acid dragons
  A hydra simulacrum (Lair:5)
  5 water moccasins
  An ice beast (D:7)
  3 sky beasts (D:7)
  A black bear (D:8)
  10 swamp drakes
  44 orc warriors
  2 black mamba simulacra (Lair:5)
  20 centaurs
  12 ogres
  11 wolves
  2 lemures (D:5)
  3 phantoms
  9 kobold brigands
  Blork the orc (D:6)
  10 small abominations (Lair:5)
  A wyvern zombie (D:8)
  6 bullfrogs
  2 gnoll sergeants
  3 scorpions
  7 wights
  7 killer bees
  A troll zombie (D:9)
  5 howler monkeys
  A centaur zombie (D:8)
  A komodo dragon simulacrum (Lair:5)
  2 hounds (D:5)
  A gnoll bouda (D:9)
  2 jellies
  12 orc priests
  4 iguanas
  28 orc wizards
  2 killer bee zombies (D:8)
  6 ogre zombies (D:9)
  A howler monkey zombie (D:8)
  24 gnolls
  8 adders
  A shadow imp (D:7)
  An ufetubus (D:5)
  3 worms
  A dart slug (D:3)
  85 orcs
  6 endoplasms
  3 giant cockroaches
  31 goblins
  22 hobgoblins
  2 jackals (D:2)
  3 quokkas
  8 ball pythons
  2 bats
  4 frilled lizards
  A goblin skeleton (D:9)
  4 goblin zombies (D:9)
  2 hobgoblin zombies (D:9)
  38 kobolds
  2 orc skeletons (D:9)
  16 orc zombies (D:9)
  4 rats
  A spectral weapon (Swamp:4)
1400 creatures vanquished.

Vanquished Creatures (others)
  An alligator (Swamp:4)
  3 bloated husks
  A spriggan (Swamp:4)
  A steam dragon (Swamp:4)
  3 swamp drakes (Swamp:4)
  46 foxfires
55 creatures vanquished.

Grand Total: 1455 creatures vanquished

Notes
Turn   | Place    | Note
-------+----------+-------------------------------------------
     0 | D:1      | Jadoobi the Minotaur Berserker began the quest for the Orb.
     0 | D:1      | Reached XP level 1. HP: 19/19 MP: 0/0
   194 | D:1      | Reached skill level 4 in Axes
   226 | D:1      | Reached XP level 2. HP: 27/27 MP: 1/1
   767 | D:2      | Reached ** piety under Trog
   768 | D:2      | Reached XP level 3. HP: 33/33 MP: 2/2
   907 | D:2      | Reached skill level 5 in Axes
  1060 | D:2      | Found an opulent altar of Gozag.
  1673 | D:3      | Reached XP level 4. HP: 40/40 MP: 3/3
  1748 | D:3      | Reached skill level 6 in Axes
  2242 | D:3      | Reached XP level 5. HP: 39/46 MP: 4/4
  2243 | D:3      | Reached *** piety under Trog
  2283 | D:3      | Reached skill level 7 in Axes
  2615 | D:3      | Reached skill level 8 in Axes
  2622 | D:3      | Reached XP level 6. HP: 40/52 MP: 5/5
  2881 | D:4      | Reached **** piety under Trog
  3211 | D:4      | Found a snail-covered altar of Cheibriados.
  3342 | D:4      | Found a hide-covered altar of Uskayaw.
  3697 | D:5      | Entered Level 5 of the Dungeon
  3703 | D:5      | Reached skill level 9 in Axes
  3879 | D:5      | Reached XP level 7. HP: 58/58 MP: 6/6
  3969 | D:5      | Reached skill level 10 in Axes
  4053 | D:5      | Found a staircase to the Ecumenical Temple.
  4062 | Temple   | Entered the Ecumenical Temple
  4062 | Temple   | Noticed a green death
  4062 | Temple   | Noticed a Tzitzimitl
  4062 | Temple   | Noticed a green death
  4063 | Temple   | Noticed Cyrolura the pandemonium lord
  4063 | Temple   | Noticed Qehubug the pandemonium lord
  4063 | Temple   | Noticed a Tzitzimitl
  4092 | Temple   | Noticed a ynoxinul
  4094 | Temple   | Noticed Haebon the pandemonium lord
  4108 | Temple   | Noticed an orange demon
  4111 | Temple   | Noticed Myplep the pandemonium lord
  4119 | Temple   | Noticed an Ice Fiend
  4120 | Temple   | Noticed Exadehur the pandemonium lord
  4140 | Temple   | Noticed Efimosk the pandemonium lord
  4141 | Temple   | Noticed a Tzitzimitl
  4262 | D:5      | Found a shimmering blue altar of Sif Muna.
  4447 | D:6      | Noticed a steam dragon
  4452 | D:6      | Killed a steam dragon
  4498 | D:6      | Reached skill level 11 in Axes
  4903 | D:6      | Noticed Pikel
  4942 | D:5      | Killed Pikel
  4943 | D:5      | Reached skill level 12 in Axes
  4943 | D:5      | Reached XP level 8. HP: 66/66 MP: 7/7
  5040 | D:6      | Noticed Blork the orc
  5055 | D:6      | Killed Blork the orc
  5056 | D:6      | Reached skill level 13 in Axes
  5142 | D:6      | Found a bloodstained altar of Trog.
  5572 | D:6      | Identified a scroll of acquirement
  5572 | D:6      | Acquired the +0 buckler of Wasted Space {rPois rF+ Str+2}
  5608 | D:7      | Found a flagged portal.
  5622 | Bailey   | Entered a bailey
  5645 | Bailey   | Reached ***** piety under Trog
  5648 | Bailey   | Reached skill level 14 in Axes
  5694 | Bailey   | Reached XP level 9. HP: 71/71 MP: 8/8
  5716 | Bailey   | Found a bloodstained altar of Trog.
  5727 | Bailey   | Reached skill level 15 in Axes
  5861 | D:7      | Noticed Joseph
  5883 | D:7      | Killed Joseph
  5958 | D:7      | Reached skill level 16 in Axes
  6015 | D:7      | Noticed Maggie
  6029 | D:7      | Killed Maggie
  6128 | D:7      | You fall into a shaft and drop 2 floors!
  6239 | D:8      | Noticed Maurice
  6681 | D:7      | Found an opulent altar of Gozag.
  6753 | D:7      | Noticed a cyclops
  6762 | D:7      | Killed a cyclops
  6763 | D:7      | Reached skill level 17 in Axes
  6763 | D:7      | Reached XP level 10. HP: 78/78 MP: 9/9
  7212 | D:8      | Reached skill level 5 in Armour
  7232 | D:8      | Killed Maurice
  7400 | D:8      | Received a gift from Trog
  7822 | D:8      | Reached skill level 10 in Armour
  7893 | D:8      | Found a staircase to the Lair.
  7925 | D:8      | Reached XP level 11. HP: 83/83 MP: 10/10
  7957 | D:8      | Found an ornate altar of the Wu Jian Council.
  7989 | D:8      | Found a hazy altar of Hepliaklqana.
  8198 | D:9      | Found a staircase to the Orcish Mines.
  8312 | D:9      | Found an iron altar of Okawaru.
  8363 | D:9      | Noticed a sun demon
  8385 | D:9      | Noticed a two-headed ogre
  8408 | D:9      | Killed a two-headed ogre
  8466 | D:9      | Identified the +3 plate armour of Wuceighi {Dex+2}
  8716 | D:9      | Identified the +2 whip "Ucwown" {drain, Str+5}
  8915 | D:9      | Identified the +3 trident of Clean Defence {drain, Dex+2}
  9544 | Orc:1    | Entered Level 1 of the Orcish Mines
  9568 | D:10     | Entered Level 10 of the Dungeon
  9787 | D:10     | Noticed Nergalle
  9802 | D:10     | Killed Nergalle
  9893 | D:10     | Noticed Snorg
  9906 | D:10     | Killed Snorg
  9907 | D:10     | Reached skill level 15 in Armour
 10230 | D:10     | Found a broken altar of Ashenzari.
 10385 | D:10     | Found a sacrificial altar of Ru.
 10756 | D:10     | Noticed Harold
 10761 | D:10     | Received a gift from Trog
 10767 | D:10     | Killed Harold
 10768 | D:10     | Reached XP level 12. HP: 91/91 MP: 11/11
 10841 | D:10     | Noticed a two-headed ogre
 10849 | D:10     | Killed a two-headed ogre
 11339 | D:11     | Noticed a death yak
 11340 | D:11     | Noticed a death yak
 11341 | D:11     | Noticed a death yak
 11342 | D:11     | Noticed a death yak
 11342 | D:11     | Noticed a death yak
 11342 | D:11     | Noticed a death yak
 11342 | D:11     | Noticed a death yak
 11531 | D:11     | Found Ajaney's Armour Shop.
 11823 | D:11     | Found a basalt altar of Yredelemnul.
 11891 | D:11     | Found a runed translucent door.
 11891 | D:11     | Found a shimmering altar of Xom.
 11891 | D:11     | Noticed Zhuub's ghost (journeyman DrVM)
 11913 | D:11     | Killed Zhuub's ghost
 12076 | D:11     | Noticed a death yak
 12085 | D:11     | Noticed a death yak
 12088 | D:11     | Killed a death yak
 12106 | D:11     | Killed a death yak
 12112 | D:11     | Noticed a death yak
 12125 | D:11     | Killed a death yak
 12133 | D:11     | Noticed a death yak
 12140 | D:11     | HP: 4/91 [death yak (17)]
 12153 | D:11     | HP: 4/91 [death yak (18)]
 12410 | D:11     | Killed a death yak
 12629 | D:11     | Killed a death yak
 12631 | D:11     | Killed a death yak
 12636 | D:11     | Killed a death yak
 12931 | D:11     | Killed a death yak
 12932 | D:11     | Reached XP level 13. HP: 96/96 MP: 12/12
 13312 | D:12     | Noticed Josephine
 13321 | D:12     | Reached skill level 1 in Shields
 13322 | D:12     | Killed Josephine
 13382 | D:12     | Reached skill level 5 in Shields
 14254 | Orc:1    | Received a gift from Trog
 14863 | Orc:2    | Entered Level 2 of the Orcish Mines
 15694 | Orc:2    | Reached skill level 10 in Shields
 15732 | Orc:2    | Found a staircase to the Elven Halls.
 16037 | Orc:2    | Found Loigo's Jewellery Boutique.
 16037 | Orc:2    | Found Ygeuw's Jewellery Shoppe.
 16039 | Orc:2    | Found Amuerutz's Magic Scroll Emporium.
 16041 | Orc:2    | Found Xirhiff's Jewellery Shop.
 16048 | Orc:2    | Bought a scroll of acquirement for 676 gold pieces
 16048 | Orc:2    | Acquired a manual of Throwing
 16050 | Orc:2    | Bought a scroll of identify for 26 gold pieces
 16050 | Orc:2    | Bought a scroll of identify for 26 gold pieces
 16050 | Orc:2    | Bought a scroll of identify for 26 gold pieces
 16059 | Orc:2    | Bought an amulet of reflection for 420 gold pieces
 16916 | Lair:1   | Entered Level 1 of the Lair of Beasts
 16987 | Lair:1   | Reached skill level 1 in Throwing
 17001 | Lair:1   | Received a gift from Trog
 17042 | Lair:1   | Reached XP level 14. HP: 43/103 MP: 13/13
 17900 | Lair:1   | Acquired a +6 broad axe of flaming
 18984 | Lair:3   | Found a staircase to the Snake Pit.
 19038 | Lair:3   | Reached skill level 18 in Axes
 19632 | Lair:3   | Found a staircase to the Swamp.
 19799 | Lair:3   | Noticed Amaemon
 19813 | Lair:3   | Killed Amaemon
 20292 | Lair:3   | Reached skill level 19 in Axes
 21453 | Lair:4   | Found a viscous altar of Jiyva.
 21453 | Lair:4   | Found a staircase to the Slime Pits.
 21871 | Lair:5   | Entered Level 5 of the Lair of Beasts
 22044 | Lair:5   | Reached skill level 1 in Evocations
 22103 | Lair:5   | Found a runed translucent gate.
 22103 | Lair:5   | Found a runed translucent gate.
 22103 | Lair:5   | Found a runed translucent gate.
 22118 | Lair:5   | Noticed pkoi's ghost (journeyman DrMo)
 22138 | Lair:5   | Reached skill level 5 in Fighting
 22145 | Lair:5   | Killed pkoi's ghost
 22159 | Lair:5   | Reached skill level 5 in Throwing
 22265 | Lair:5   | Got the ring of Grontol {Fire rElec Int+3 Stlth+}
 22598 | Lair:5   | Reached XP level 15. HP: 106/116 MP: 14/14
 22724 | Lair:5   | Found a corrupted altar of Lugonu.
 22724 | Lair:5   | Found a one-way gate to the infinite horrors of the Abyss.
 22811 | Lair:5   | Identified the +6 spear of Plunder {elec, Will+ Int+2 SInv}
 23073 | Lair:5   | Reached ****** piety under Trog
 23499 | Snake:1  | Entered Level 1 of the Snake Pit
 23506 | Snake:1  | Noticed Mlioglotl
 23517 | Lair:3   | Killed Mlioglotl
 24719 | Lair:3   | Received a gift from Trog
 24720 | Lair:3   | Reached skill level 5 in Dodging
 24826 | Snake:1  | Noticed Aizul
 24943 | Swamp:1  | Entered Level 1 of the Swamp
 26804 | Swamp:2  | Reached skill level 10 in Fighting
 27146 | Swamp:3  | Identified the amulet of Qaolizea {+Blink rF+ Will+ Regen+
                  | Str+3 Stlth-}
 27165 | Swamp:3  | Noticed a fenstrider witch
 27172 | Swamp:3  | Killed a fenstrider witch
 27278 | Swamp:3  | Reached skill level 5 in Evocations
 27284 | Swamp:3  | Reached XP level 16. HP: 135/135 MP: 15/15
 27461 | Swamp:3  | Noticed a tentacled monstrosity
 27471 | Swamp:3  | Killed a tentacled monstrosity
 27905 | Swamp:4  | Entered Level 4 of the Swamp
 28028 | Swamp:4  | Received a gift from Trog
 28128 | Swamp:4  | Reached skill level 10 in Throwing
 28299 | Swamp:4  | Got a decaying rune of Zot
 28652 | Swamp:4  | Noticed a tentacled monstrosity
 28664 | Swamp:4  | Killed a tentacled monstrosity
 28668 | Swamp:4  | Reached skill level 15 in Shields
 28951 | Lair:3   | Killed Aizul
 30062 | Snake:1  | Identified the +4 scimitar "Zeucom" {freeze, rElec}
 30440 | Snake:2  | Received a gift from Trog
 30808 | Snake:2  | Reached XP level 17. HP: 150/150 MP: 16/16
 30921 | Snake:2  | Found Caripil's Book Boutique.
 31612 | Snake:3  | Identified the +3 ring mail "Meolumoo" {rF+ Will+ Str+2}
 32362 | Snake:4  | Entered Level 4 of the Snake Pit
 32863 | Snake:4  | Received a gift from Trog
 33445 | Snake:4  | Got a serpentine rune of Zot
 33689 | Snake:4  | Noticed Kirke
 33701 | Snake:4  | Killed Kirke
 34086 | D:13     | Reached skill level 15 in Fighting
 34179 | D:13     | Noticed Rupert
 34187 | D:13     | Killed Rupert
 34218 | D:13     | Noticed Lodul
 34227 | D:13     | Killed Lodul
 34348 | D:13     | Acquired the +8 hand axe of Execution {elec, rCorr Str+3
                  | Dex+8}
 34410 | D:13     | Found Gohyon's Magic Scroll Shoppe.
 34423 | D:13     | Bought 2 scrolls of teleportation for 90 gold pieces
 34423 | D:13     | Bought a scroll of magic mapping for 112 gold pieces
 34423 | D:13     | Bought a scroll of teleportation for 45 gold pieces
 34423 | D:13     | Bought a scroll of teleportation for 45 gold pieces
 34702 | D:14     | Found a runed translucent door.
 34707 | D:14     | Noticed a lich
 34710 | D:14     | Found a runed translucent door.
 34713 | D:14     | Noticed Kilet's ghost (adept GrEE)
 34729 | D:14     | Reached skill level 10 in Dodging
 34824 | D:14     | Found a runed translucent door.
 35056 | D:14     | Found a gate to the Vaults.
 35067 | Vaults:1 | Entered Level 1 of the Vaults
 35085 | Vaults:1 | Received a gift from Trog
 35086 | Vaults:1 | Reached XP level 18. HP: 165/165 MP: 17/17
 36218 | Vaults:1 | Found Ygromow's Weapon Boutique.
 36571 | Vaults:1 | Noticed Zenata
 36587 | Vaults:1 | Killed Zenata
 37024 | Vaults:2 | Found a staircase to the Crypt.
 37906 | Vaults:2 | Reached skill level 20 in Axes
 37916 | Vaults:2 | HP: 2/168 [balrug/fireball[a deep elf high priest] (36)]
 39280 | Vaults:3 | Reached XP level 19. HP: 177/177 MP: 18/18
 39291 | Vaults:3 | Noticed Saint Roka
 39638 | Vaults:3 | Killed Saint Roka
 40139 | Vaults:3 | Noticed Frederick
 40150 | Vaults:3 | Killed Frederick
 40152 | Vaults:3 | Received a gift from Trog
 40966 | Vaults:3 | Reached skill level 21 in Axes
 41308 | Vaults:4 | Found Qoejul's Antique Weapon Boutique.
 41473 | Vaults:4 | Found Xamiaba's Jewellery Boutique.
 41477 | Vaults:4 | Bought the ring of Awauz {rPois rCorr Str+5 Int+6} for 886
                  | gold pieces
 41477 | Vaults:4 | Bought the amulet "Fuuview" {Reflect *Slow rC++ Will+ SH+5}
                  | for 763 gold pieces
 41483 | Vaults:4 | Found Efro Myu's Armour Emporium.
 42837 | Vaults:5 | Entered Level 5 of the Vaults
 43295 | Vaults:5 | Noticed a golden dragon
 43411 | Vaults:5 | Received a gift from Trog
 43412 | Vaults:5 | Noticed an ancient lich
 43459 | Vaults:5 | Reached XP level 20. HP: 90/176 MP: 19/19
 43667 | Vaults:5 | Reached skill level 22 in Axes
 43745 | Vaults:5 | Found Wegeh's Armour Boutique.
 43757 | Vaults:5 | Bought a +2 plate armour of cold resistance for 440 gold
                  | pieces
 43757 | Vaults:5 | Bought a +2 pair of gloves for 181 gold pieces
 43835 | Vaults:5 | Identified the ring "Aguuxzao" {Will+ Dex+3}
 43862 | Vaults:5 | Noticed a golden dragon
 43879 | Vaults:5 | HP: 8/184 [???[a deep elf demonologist] (5)]
 43879 | Vaults:5 | HP: 3/184 [Executioner[a deep elf demonologist] (5)]
 43938 | Vaults:5 | Killed from afar by an ancient lich

Illustrated notes

Levels and vault maps discovered:
D:1:      nzn_arrival_water_spiral, layout_basic, lemuel_flame_loot_1
D:2:      layout_basic, basic_altar, st_stairs_14, kennysheep_generic_room_15
D:3:      minmay_goblin_kobold_castle, layout_loops_cross
D:4:      layout_basic, nicolae_uskayaw_dance_hall, slow_altar_2
D:5:      layout_rooms, led_sif_pool, temple_statues
D:6:      layout_basic, trog_three_pillars_becter, kennysheep_small_circle,
          uniq_pikel, uniq_blork_the_orc
D:7:      layout_basic, grunt_gozag_breadcrumbs, enter_bailey_5, uniq_maggie,
          uniq_joseph
D:8:      layout_cave_pools, mainiacjoe_overflow_catch_the_wave,
          grunt_lair_entry_orc_guard_hut, serial_undead, serial_undead_c,
          serial_undead_b, serial_undead_b, serial_undead_a, minmay_ruffians,
          uniq_maurice
D:9:      minmay_the_grid_square_5x5_3x3
          [minmay_the_grid_square_5x5_doubleslash,
          minmay_the_grid_square_5x5_tie, minmay_the_grid_square_5x5_forky,
          minmay_the_grid_square_5x5_bracketed,
          minmay_the_grid_square_5x5_megaprize_diamond,
          minmay_the_grid_square_5x5_two_walls_a,
          minmay_the_grid_square_5x5_hollow_slash,
          minmay_the_grid_square_5x5_slash, minmay_the_grid_square_5x5_dogpile],
          layout_loops_ring, okawaru_metal_pillars_1_2, zombieorc2_lemuel
D:10:     layout_stronghold, mainiacjoe_overflow_boulevard, marbit_many_paths,
          grunt_ministairs_4, uniq_nergalle, uniq_harold, uniq_snorg
D:11:     slaughterhouse, layout_loops_ring, serial_shops, shop,
          ebering_ghost_xom, yredelemnul_altar_generic
D:12:     layout_basic, uniq_josephine
D:13:     layout_basic, serial_shops, shop_fountains, uniq_lodul, uniq_rupert
D:14:     layout_cave_pools, grunt_vaults_entry_fortified,
          muffindrake_ghost_dual_entry, minmay_crystal_box
Temple:   nicolae_temple_panitentiary
Lair:1:   layout_cave_shapes, cheibrodos_lair_reptile_den, grunt_megastairs_5,
          serial_bayou_shore_a
Lair:2:   layout_regular_city
Lair:3:   layout_regular_city, palyth_hydra_swamp_entry, dummy_snake_entry,
          nicolae_quartered_pool_super, infiniplex_staircase_pool_2,
          uniq_amaemon
Lair:4:   layout_regular_city, dpeg_slime_entry_enclosed,
          chequers_serial_rivers_small_a, hangedman_lair_unloving_vines,
          grunt_megastairs_2
Lair:5:   hellmonk_lair_end_abyssal_woods, layout_hall_layers,
          gammafunk_ghost_icy
Swamp:1:  layout_basic_swamp, serial_swamp_ruin, evilmike_swamp_ruin_house_6,
          evilmike_swamp_ruin_rubble_1, swamp_pool5,
          nicolae_swamp_bloodsuckers_inc, infiniplex_staircase_pool
Swamp:2:  layout_basic_swamp, evilmike_swamp_ruin_wall, swamp_pool1
Swamp:3:  layout_basic_swamp, evilmike_swamp_ruin_house_5, swamp_pool5,
          nzn_swamp_dancing_lights
Swamp:4:  swamp_fiery, layout_basic_swamp
Snake:1:  layout_onion_interference, nicolae_snake_salamander_jacuzzi,
          uniq_aizul, uniq_mlioglotl
Snake:2:  layout_chambers, nicolae_snake_snakes_in_the_grass, minmay_shop_star,
          lemuel_fruit_tree
Snake:3:  layout_grid_maze, hangedman_venom_bottle
Snake:4:  snake_pit, layout_concentric_octagons, grunt_ministairs_5,
          grunt_megastairs_4, uniq_kirke
Orc:1:    layout_caves, minmay_orc_keep
Orc:2:    st_orc_rangers, layout_caves, kennysheep_orc_chapel
Vaults:1: nicolae_vaults_house_2, v_alt_pattern_5,
          ontoclasm_vaults_decontamination, v_misc_5, ontoclasm_vaults_idyll,
          nicolae_vaults_rhombus_5, nicolae_vaults_taking_the_gang_shopping,
          nicolae_vaults_tetromino_Z_1, layout_vaults_omnigrid, uniq_zenata
Vaults:2: portal_desolation_entry_salt, v_misc_8, v_misc_18,
          minmay_crypt_entry_simple_corners, v_misc_4, ontoclasm_vaults_spin,
          nicolae_vaults_surprise_closet, v_misc_25, vaults_dpeg_ring,
          v_pattern_4, hangedman_vaults_nails, layout_vaults_omnibox
Vaults:3: v_alt_pattern_3, hangedman_vaults_variations,
          nicolae_vaults_oval_intersection, v_misc_29, nicolae_vaults_rhombus_7,
          st_lines, nicolae_vaults_sesquioval_fish,
          nicolae_vaults_sightless_eye, vaults_room_corners,
          layout_vaults_omnicross, uniq_saint_roka, uniq_frederick
Vaults:4: nicolae_vaults_closet_pinwheel_5, st_cells, grunt_vaults_bifocal,
          vaults_standard_mumra_lines, vaults_room_door_ring,
          nicolae_vaults_house_3, v_pattern_2, vaults_room_boxed,
          nicolae_vaults_windows_and_doors_thing,
          nicolae_vaults_more_shelving_1, v_alt_pattern_3,
          nicolae_vaults_tetromino_T_2, nicolae_vaults_diamond_1,
          nicolae_vaults_little_squares_6, nicolae_vaults_cochlea,
          layout_vaults_ring, serial_shops, shop, nicolae_diamond_shop,
          nicolae_shop_just_a_little_nook
Vaults:5: serial_shops

Skill      XL: |  1  2  3  4  5  6  7  8  9 10 11 12 13 14 15 16 17 18 19 20 |
---------------+-------------------------------------------------------------+-----
Axes           | 4 5 6 8 9 12 14 17 19 20 21 22 | 22.2
Armour         | 10 15 19 20 | 20.6
Shields        | 12 13 14 15 16 17 18 | 18.3
Throwing       | 2 5 9 11 13 | 13.9
Fighting       | 6 10 13 15 17 19 | 19.6
Evocations     | 2 5 6 8 |  8.8
Dodging        | 4 6 8 10 11 12 13 | 13.0

Action                     |  1- 3 |  4- 6 |  7- 9 | 10-12 | 13-15 | 16-18 | 19-21 || total
---------------------------+-------+-------+-------+-------+-------+-------+-------++-------
  Melee: Hand axe          |    83 |   162 |   135 |       |       |       |       ||   380
         Headbutt          |     8 |    28 |    58 |   125 |   232 |   228 |   143 ||   822
         Punch             |     1 |     1 |     3 |       |       |       |       ||     5
         Flail             |       |       |     5 |       |       |       |       ||     5
         War axe           |       |       |    85 |   577 |   406 |   334 |       ||  1402
         Broad axe         |       |       |       |       |   596 |   640 |   529 ||  1765
  Throw: Stone             |       |       |       |       |     7 |       |       ||     7
         Dart              |       |       |       |       |    23 |    37 |    13 ||    73
 Invoke: Berserk           |       |     1 |     2 |     9 |    15 |    18 |    11 ||    56
         Trog's Hand       |       |       |     4 |    11 |    17 |    26 |    18 ||    76
Ability: Evoke Blink       |       |       |       |       |       |       |     2 ||     2
  Evoke: Lightning rod     |       |       |       |     1 |       |       |       ||     1
         Wand              |       |       |       |       |     1 |     2 |       ||     3
    Use: Scroll            |     4 |     4 |     6 |    12 |    13 |    12 |    19 ||    70
         Potion            |       |       |       |     8 |     1 |     2 |    20 ||    31
   Stab: Sleeping          |     1 |       |       |       |       |       |       ||     1
         Confused          |       |       |       |       |     2 |       |       ||     2
 Armour: Ring mail         |    34 |     2 |       |       |       |       |       ||    36
         Animal skin       |     1 |       |       |       |       |       |       ||     1
         Chain mail        |       |   114 |    95 |       |       |       |       ||   209
         Plate armour      |       |       |    32 |   396 |   735 |   589 |   202 ||  1954
  Dodge: Dodged            |    69 |   111 |    85 |   184 |   425 |   434 |   140 ||  1448
  Block: Buckler           |       |       |    11 |    83 |   626 |   112 |       ||   832
         Reflection        |       |       |       |       |    19 |       |       ||    19
         Tower shield      |       |       |       |       |       |   817 |   440 ||  1257
